 Dungeon Crawl Stone Soup version 0.31-a0-152-g6aa68a64a1 (webtiles) character file.

Game seed: 5904633919167832222

11 qw the Shield-Bearer (level 2, 0/19 HPs)
             Began as a Gargoyle Fighter on June 10, 2023.
             Slain by a frilled lizard (3 damage)
             ... on level 1 of the Dungeon.
             The game lasted 00:00:08 (169 turns).

qw the Shield-Bearer (Gargoyle Fighter)              Turns: 169, Time: 00:00:09

Health: 0/19       AC:  9    Str: 19    XL:     2   Next: 29%
Magic:  2/2        EV:  9    Int:  8    God:
Gold:   11         SH:  4    Dex:  9    Spells: 1/1 levels left

rFire   . . .        a - +0 war axe
rCold   . . .        c - +0 buckler
rNeg    + . .        b - +0 scale mail
rPois   inf          (no helmet)
rElec   +            (no cloak)
rCorr   .            (no gloves)
SInv    .            (no boots)
Will    .....        (no amulet) Stlth
                     (no ring)
HPRegen 0.23/turn    (no ring)
MPRegen 0.08/turn

%: no passive effects
@: no status effects
A: sickness immunity, AC +2, negative energy resistance 1, electricity
resistance, torment resistance 1, petrification resistance
a: no special abilities


You were on level 1 of the Dungeon.
You visited 1 branch of the dungeon, and saw 1 of its levels.

You collected 11 gold pieces.


Innate Abilities, Weirdness & Mutations

You are immune to sickness and miasma.
Your stone body is resilient. (AC +2)
You are immune to poison.
You resist negative energy. (rN+)
You are resistant to electric shocks. (rElec)
You are resistant to unholy torment.
You are immune to petrification.


   Skills:
 - Level 3.2 Fighting
 + Level 2.6 Axes
 - Level 3.2 Armour
 - Level 3.2 Shields


You had one spell level left.
You didn't know any spells.
Your spell library was empty.

Inventory:

Hand Weapons
 a - a +0 war axe (weapon)
Armour
 b - a +0 scale mail (worn)
 c - a +0 buckler (worn)
Scrolls
 e - a scroll of noise {unknown}
Potions
 d - a potion of might
 f - a potion of degeneration {unknown}

Dungeon Overview and Level Annotations

Branches:
Dungeon (1/15)

Altars:


Message History

The quokka barely misses you.
You slash the quokka!
You kill the quokka!
You hit the endoplasm.
The endoplasm is severely wounded.
The endoplasm freezes you.
You are frozen.
The endoplasm hits you but does no damage.
You slash the endoplasm!
You kill the endoplasm!
You barely miss the kobold. The kobold hits you but does no damage.
The frilled lizard hisses.
The kobold hits you with a +0 short sword.
You barely miss the kobold.
The kobold hits you with a +0 short sword.
You closely miss the kobold. The kobold barely misses you.
The kobold hits you but does no damage.
You miss the kobold.
The kobold hits you with a +0 short sword.
You barely miss the kobold. The kobold hits you but does no damage.
You closely miss the kobold.
The kobold hits you but does no damage. x2
You barely miss the kobold. The kobold barely misses you.
You slash the kobold!
You kill the kobold!
The ball python bites you but does no damage.
The ball python misses you.
You closely miss the ball python. The ball python barely misses you.
The ball python grabs you. The ball python constricts you.
The ball python bites you but does no damage.
The ball python constricts you.
You hit the ball python.
You kill the ball python!
You closely miss the frilled lizard. The frilled lizard bites you.
You die...

........l ####
......$ ..#
.#...... #####.#
#....... ......##
###..#...
##...##.....#..
#....%..##.##.#
#..##..###.##l#
##..###...#.##@#
##...# ###...##.#
##...## ##...#.#
#..#.# ##..#.#
..##.# #..#.#
#....# ##....#
###..#######..##.#
#...............#
#.#####.[.......#


You could see a frilled lizard.

Vanquished Creatures
  4 endoplasms (D:1)
  2 quokkas (D:1)
  2 ball pythons (D:1)
  A frilled lizard (D:1)
  A kobold (D:1)
  A rat (D:1)
11 creatures vanquished.

Notes
Turn   | Place    | Note
-------+----------+-------------------------------------------
     0 | D:1      | qw the Gargoyle Fighter began the quest for the Orb.
     0 | D:1      | Reached XP level 1. HP: 14/14 MP: 1/1
     0 | D:1      | 0 ||| qw: Version: 0.2-a-29-g8b02136
     0 | D:1      | 0 ||| qw: Game counter: 3817
     0 | D:1      | 0 ||| qw: Always use a shield: true
     0 | D:1      | 0 ||| qw: God list: Okawaru
     0 | D:1      | 0 ||| qw: Allow faded altars: false
     0 | D:1      | 0 ||| qw: Do Orc after D:15 true
     0 | D:1      | 0 ||| qw: Do second Lair branch before Depths: true
     0 | D:1      | 0 ||| qw: Lair rune preference: random
     0 | D:1      | 0 ||| qw: Plans: Normal, Zot:1-4, Slime:5, God:TSO, Crypt,
                  | Tomb, Abyss, Pan, Hells, Win
     0 | D:1      | 0 ||| PLANNING D:1-11
    47 | D:1      | 47 ||| Stepping ~*~*~tactically~*~*~ (stealth).
   151 | D:1      | Reached XP level 2. HP: 11/19 MP: 2/2
   151 | D:1      | 151 ||| Stepping ~*~*~tactically~*~*~ (hiding).
   152 | D:1      | 152 ||| Stepping ~*~*~tactically~*~*~ (hiding).
   160 | D:1      | HP: 4/19 [kobold/+0 short sword (4)]
   167 | D:1      | HP: 3/19 [constriction (1)]
   169 | D:1      | Slain by a frilled lizard

Levels and vault maps discovered:
D:1:      sevenhm_arrival_forest_fort_large_2, layout_rooms, minmay_pentomino_o2

Skill      XL: |  1 |
---------------+----+-----
Axes           | 2 |  2.6
Fighting       | |  3.2
Armour         | |  3.2
Shields        | |  3.2

Action                     || total
---------------------------++-------
  Melee: War axe           ||    30
 Armour: Scale mail        ||    13
  Dodge: Dodged            ||     7
  Block: Buckler           ||     3

Table legend:
 A = Non-vault XP
 B = Vault XP
 C = Vault XP percentage of total XP
 D = Non-vault monster count
 E = Vault monster count
 F = Vault count percentage of total count
                 A         B        C        D         E       F
            +---------+---------+-------+---------+---------+-------
      Total |      17 |       0 |   0.0 |      11 |       0 |   0.0
            +---------+---------+-------+---------+---------+-------
        D:1 |      17 |       0 |   0.0 |      11 |       0 |   0.0
            +---------+---------+-------+---------+---------+-------
